 Dungeon Crawl Stone Soup version 0.31-a0-251-gdc1e01ee57 (webtiles) character file.

Game seed: 13394513145239028658

146 qw the Shooter (level 5, 0/30 HPs)
             Began as a Gargoyle Hexslinger on July 12, 2023.
             Slain by a scorpion (4 damage)
             ... on level 4 of the Dungeon.
             The game lasted 00:01:02 (1976 turns).

qw the Shooter (Gargoyle Hexslinger)                Turns: 1976, Time: 00:01:02

Health: 0/30       AC:  9    Str: 12    XL:     5   Next: 28%
Magic:  6/6        EV: 10    Int: 13    God:
Gold:   25         SH:  0    Dex: 14    Spells: 5/6 levels left

rFire   . . .        Y - +1 sling
rCold   . . .        (no shield)
rNeg    + . .        h - +0 ring mail
rPois   inf          (no helmet)
rElec   +            (no cloak)
rCorr   .            (no gloves)
SInv    .            (no boots)
Will    .....        (no amulet)
Stlth   +            (no ring)
HPRegen 0.25/turn    (no ring)
MPRegen 0.10/turn

%: no passive effects
@: about to teleport
A: sickness immunity, AC +4, negative energy resistance 1, electricity
resistance, torment resistance 1, petrification resistance
a: no special abilities


You were on level 4 of the Dungeon.
You visited 1 branch of the dungeon, and saw 4 of its levels.

You collected 137 gold pieces.
You spent 112 gold pieces at shops.


Innate Abilities, Weirdness & Mutations

You are immune to sickness and miasma.
Your stone body is resilient. (AC +4)
You are immune to poison.
You resist negative energy. (rN+)
You are resistant to electric shocks. (rElec)
You are resistant to unholy torment.
You are immune to petrification.


   Skills:
 - Level 2.0 Fighting
 + Level 4.9 Ranged Weapons
 - Level 1.0 Armour
 - Level 1.5 Dodging
 - Level 1.0 Spellcasting
 - Level 2.6 Hexes


You had 5 spell levels left.
You knew the following spells:

 Your Spells              Type           Power      Damage    Failure   Level
a - Slow                  Hex            28%        N/A       22%         1

Your spell library contained the following spells:

 Spells                   Type           Power      Damage    Failure   Level
 Inner Flame              Hex/Fire       4%         N/A       73%         3
 Portal Projectile        Hex/Tloc       8%         N/A       73%         3
 Cause Fear               Hex            3%         N/A       91%         4

Inventory:

Hand Weapons
 Y - a +1 sling (weapon)
Armour
 h - a +0 ring mail (worn)
Scrolls
 a - a scroll of identify
 d - a scroll of teleportation
Potions
 b - a potion of might
 c - a potion of enlightenment
 e - a potion of ambrosia {unknown}
 g - 3 potions of curing
 i - a potion of mutation {unknown}
 k - a potion of lignification {unknown}

Dungeon Overview and Level Annotations

Branches:
Dungeon (4/15)
 Temple: D:4-7

Altars:
Hepliaklqana
Makhleb

Shops:
D:1 [[   D:3 *


Message History

You shoot a sling bullet.
The sling bullet closely misses the scorpion.
The scorpion barely misses you. x2
You shoot a sling bullet.
The sling bullet hits the scorpion but does no damage.
The scorpion is lightly wounded.
The scorpion stings you. The scorpion misses you.
The scorpion stings you but does no damage. x2
You shoot a sling bullet. The sling bullet hits the scorpion.
The scorpion is lightly wounded.
The scorpion barely misses you. The scorpion stings you.
You shoot a sling bullet. The sling bullet hits the scorpion.
The scorpion is moderately wounded.
The scorpion stings you but does no damage.
The scorpion misses you.
The scorpion stings you but does no damage. x2
You shoot a sling bullet.
The sling bullet hits the scorpion but does no damage.
The scorpion is moderately wounded.
The scorpion stings you but does no damage.
The scorpion barely misses you.
The scorpion stings you but does no damage.
You shoot a sling bullet.
The sling bullet hits the scorpion but does no damage.
The scorpion is moderately wounded.
The scorpion closely misses you. The scorpion barely misses you.
The scorpion stings you.
You shoot a sling bullet.
The sling bullet hits the scorpion but does no damage.
The scorpion is moderately wounded.
The scorpion stings you. The scorpion misses you.
You shoot a sling bullet. The sling bullet hits the scorpion.
The scorpion is moderately wounded.
The scorpion stings you but does no damage.
The scorpion stings you. x3
1976 ||| READING 2 scrolls of teleportation.
As you read the scroll of teleportation, it crumbles to dust.
You feel strangely unstable. The scorpion stings you. x2
You die...

###################
#.....#............
#.....#...........
#.....#..........
#.....'......#
##....##.....#
##'########@##
#.....<#...ss......
#......#...........
#......#.....!.....
#......#...........
#.....##.....##....
####+######### ####


You could see 2 scorpions.

Vanquished Creatures
  4 gnolls (D:3)
  4 adders
  A worm (D:3)
  7 endoplasms
  5 giant cockroaches
  7 goblins
  5 hobgoblins
  2 jackals (D:2)
  2 quokkas (D:1)
  7 ball pythons
  2 bats (D:1)
  6 frilled lizards
  10 kobolds
  6 rats
68 creatures vanquished.

Notes
Turn   | Place    | Note
-------+----------+-------------------------------------------
     0 | D:1      | qw the Gargoyle Hexslinger began the quest for the Orb.
     0 | D:1      | Reached XP level 1. HP: 12/12 MP: 2/2
     0 | D:1      | 0 ||| qw: Version: 0.3-a-52-g30416fa
     0 | D:1      | 0 ||| qw: Game counter: 6584
     0 | D:1      | 0 ||| qw: Melee chars always use a shield: true
     0 | D:1      | 0 ||| qw: God list: Okawaru
     0 | D:1      | 0 ||| qw: Allow faded altars: false
     0 | D:1      | 0 ||| qw: Do Orc after clearing Dungeon:15 true
     0 | D:1      | 0 ||| qw: Do second Lair branch before Depths: true
     0 | D:1      | 0 ||| qw: Lair rune preference: random
     0 | D:1      | 0 ||| qw: Goals: Normal
     0 | D:1      | 0 ||| PLANNING D:1-11
    19 | D:1      | Noticed an electric eel
    28 | D:1      | 28 ||| DROPPING +6 ring of intelligence.
    29 | D:1      | 29 ||| READING scroll labelled PINYXZAIPT.
    30 | D:1      | 30 ||| DROPPING scroll of poison.
    98 | D:1      | Reached XP level 2. HP: 16/16 MP: 3/3
   138 | D:1      | Reached skill level 3 in Ranged Weapons
   251 | D:1      | Reached XP level 3. HP: 21/21 MP: 4/4
   343 | D:1      | Found Nuyness's Antique Armour Boutique.
   349 | D:1      | Found Goseykes's Armour Shop.
   354 | D:1      | 354 ||| BUYING leather armour (34 gold).
   354 | D:1      | Bought a leather armour for 34 gold pieces
   354 | D:1      | 354 ||| SHOPLISTING ring mail (68 gold, have 6).
   358 | D:1      | 358 ||| SHOPLISTING +0 helmet (54 gold, have 6).
   358 | D:1      | 358 ||| SHOPLISTING +0 pair of gloves (54 gold, have 6).
   358 | D:1      | 358 ||| SHOPLISTING +1 pair of gloves of strength (198
                  | gold, have 6).
   358 | D:1      | 358 ||| SHOPLISTING +2 robe of positive energy (176 gold,
                  | have 6).
   497 | D:1      | 497 ||| UPGRADING to +0 leather armour.
   507 | D:1      | 507 ||| DROPPING +0 robe.
   508 | D:1      | 508 ||| READING scroll labelled YPSOMA YRIQAP.
   509 | D:1      | 509 ||| READING 2 scrolls labelled ATWIZO BIMEHIT.
  1005 | D:2      | Reached XP level 4. HP: 26/26 MP: 5/5
  1026 | D:2      | Reached skill level 4 in Ranged Weapons
  1258 | D:2      | 1258 ||| UPGRADING to +0 ring mail.
  1268 | D:2      | 1268 ||| DROPPING +0 leather armour.
  1269 | D:2      | 1269 ||| READING 2 scrolls of identify.
  1269 | D:2      | 1269 ||| IDENTIFYING metallic sapphire potion
  1356 | D:3      | Reached skill level 1 in Armour
  1568 | D:3      | Reached XP level 5. HP: 30/30 MP: 6/6
  1684 | D:3      | Found Ogos's General Store.
  1688 | D:3      | 1688 ||| BUYING 2 potions of curing (78 gold).
  1688 | D:3      | Bought 2 potions of curing for 78 gold pieces
  1768 | D:3      | Found a hazy altar of Hepliaklqana.
  1770 | D:3      | Found a burning altar of Makhleb.
  1908 | D:3      | 1908 ||| DROPPING ring of magical power.
  1909 | D:3      | 1909 ||| READING scroll labelled MYPHIF MORGHILUWN.
  1910 | D:3      | 1910 ||| READING scroll labelled FOFELU CIASU.
  1911 | D:3      | 1911 ||| READING 2 scrolls of identify.
  1911 | D:3      | 1911 ||| IDENTIFYING red potion
  1975 | D:4      | HP: 7/30 [scorpion (2)]
  1976 | D:4      | 1976 ||| READING 2 scrolls of teleportation.
  1976 | D:4      | Slain by a scorpion

Levels and vault maps discovered:
D:1:      arrival_aquarium_a, layout_basic, serial_shops, shop, shop,
          serial_bayou_pond_b
D:2:      minmay_chambers_of_twos, layout_loops_ring
D:3:      layout_basic, chequers_temple_overflow_statue_of_worship,
          serial_shops, nicolae_shop_back_alley_shop, minmay_misc_feat_tiny
D:4:      layout_gridville, minmay_temple_entry_steel_oval,
          gammafunk_ghost_smash, uniq_menkaure, uniq_edmund, uniq_grinder

Skill      XL: |  1  2  3  4 |
---------------+-------------+-----
Ranged Weapons | 3 4 |  4.9
Fighting       | 2 |  2.0
Armour         | 1 |  1.0
Dodging        | |  1.5
Spellcasting   | |  1.0
Hexes          | |  2.6

Action                     |  1- 3 |  4- 6 || total
---------------------------+-------+-------++-------
   Fire: Sling             |   143 |   128 ||   271
    Use: Scroll            |     3 |     5 ||     8
 Armour: Robe              |    11 |       ||    11
         Leather armour    |    11 |     6 ||    17
         Ring mail         |       |    53 ||    53
  Dodge: Dodged            |    42 |    54 ||    96

Table legend:
 A = Non-vault XP
 B = Vault XP
 C = Vault XP percentage of total XP
 D = Non-vault monster count
 E = Vault monster count
 F = Vault count percentage of total count
                 A         B        C        D         E       F
            +---------+---------+-------+---------+---------+-------
      Total |     180 |      29 |  13.9 |      56 |      12 |  17.6
            +---------+---------+-------+---------+---------+-------
        D:1 |      44 |       5 |  10.2 |      28 |       4 |  12.5
        D:2 |      33 |      24 |  42.1 |      13 |       8 |  38.1
        D:3 |     103 |       0 |   0.0 |      15 |       0 |   0.0
            +---------+---------+-------+---------+---------+-------
